| TOP OF THE 1ST |
|
Detroit Red Wings batting - Pitching for Niagara Falls Phantoms : RHP Ulrik Pilegaard
|
|
Pitching: RHP Ulrik Pilegaard
|
|
|
Batting: LHB Duda Pinho
|
0-0: Foul Ball, location: 2F 0-1: Called Strike 0-2: Foul Ball, location: 2F 0-2: Ball 1-2: Strikes out swinging
|
|
Batting: RHB Felipe Torres
|
0-0: SOLO HOME RUN (Flyball, 7D, EV 96.9 MPH), Distance : 375 ft
|
|
Batting: RHB António Scarlett
|
0-0: Fly out, F8 (Flyball, 8LM, EV 93.1 MPH)
|
|
Batting: SHB Bill Casal
|
0-0: Fly out, F8 (Flyball, 8LD, EV 105.6 MPH)
|
| Top of the 1st over - 1 run, 1 hit, 0 errors, 0 left on base; Detroit 1 - Niagara Falls 0 |
| BOTTOM OF THE 1ST |
|
Niagara Falls Phantoms batting - Pitching for Detroit Red Wings : RHP Adan Van Slyke
|
|
Pitching: RHP Adan Van Slyke
|
|
|
Batting: RHB Alfredo Mendez
|
0-0: Ball 1-0: Ball 2-0: Ball 3-0: Base on Balls
|
|
Batting: LHB Pete Cook
|
0-0: Ball 1-0: Foul Ball, location: 2F 1-1: Called Strike 1-2: TRIPLE (Flyball, 89XD, EV 94.4 MPH) Alfredo Mendez scores
|
|
Batting: RHB Peter Frankel
|
0-0: Foul Ball, location: 2F 0-1: Swinging Strike 0-2: Ball 1-2: Foul Ball, location: 2F 1-2: Ground out 5-3 (Groundball, 56, EV 80.0 MPH) Pete Cook scores
|
|
Batting: RHB Chris Horton
|
0-0: Ball 1-0: Ball 2-0: Ball 3-0: Base on Balls
|
|
Batting: SHB Bruce Shelton
|
0-0: Ball 1-0: Foul Ball, location: 2F 1-1: Ball 2-1: Foul Ball, location: 2F 2-2: 2-RUN HOME RUN (Line Drive, 9LD, EV 95.6 MPH), Distance : 344 ft
|
|
Batting: LHB Tim Ellenberger
|
0-0: Called Strike 0-1: Swinging Strike 0-2: Strikes out looking
|
|
Batting: RHB Danny Carrick
|
0-0: Ball 1-0: Fly out, F8 (Flyball, 8RXD, EV 101.2 MPH)
|
| Bottom of the 1st over - 4 runs, 2 hits, 0 errors, 0 left on base; Detroit 1 - Niagara Falls 4 |
| TOP OF THE 2ND |
|
Detroit Red Wings batting - Pitching for Niagara Falls Phantoms : RHP Ulrik Pilegaard
|
|
Batting: RHB Carlos Avila
|
0-0: Ball 1-0: Fly out, F4 (Popup, 34, EV 66.2 MPH)
|
|
Batting: LHB Manny Rangel
|
0-0: Ball 1-0: Ball 2-0: Called Strike 2-1: Ball 3-1: Swinging Strike 3-2: Foul Ball, location: 2F 3-2: Strikes out swinging
|
|
Batting: RHB Jason LeBlanc
|
0-0: Called Strike 0-1: Ball 1-1: Ball 2-1: Called Strike 2-2: Strikes out swinging
|
| Top of the 2nd over - 0 runs, 0 hits, 0 errors, 0 left on base; Detroit 1 - Niagara Falls 4 |
| BOTTOM OF THE 2ND |
|
Niagara Falls Phantoms batting - Pitching for Detroit Red Wings : RHP Adan Van Slyke
|
|
Batting: RHB Randy Joyce
|
0-0: Ball 1-0: SOLO HOME RUN (Flyball, 9D, EV 91.2 MPH), Distance : 348 ft
|
|
Batting: RHB Donald DeLisio
|
0-0: Foul Ball, location: 2F 0-1: Hit by Pitch, AND HE CHARGES THE MOUND! The benches clear!
|
|
Pitching: RHP Leon Benitez
|
|
|
Pinch Runner at 1st Ben Underwood:
|
|
|
Batting: RHB Alfredo Mendez
|
0-0: Foul Ball, location: 2F 0-1: Ball 1-1: Ball 2-1: Fly out, F7 (Line Drive, 78M, EV 101.9 MPH)
|
|
Batting: LHB Pete Cook
|
0-0: Ball 1-0: Called Strike 1-1: Ball 2-1: Called Strike 2-2: Strikes out swinging
|
|
Batting: RHB Peter Frankel
|
0-0: Called Strike 0-1: Foul Ball, location: 2F 0-2: SINGLE (Groundball, 6D, EV 101.9 MPH) Ben Underwood to second
|
|
Batting: RHB Chris Horton
|
0-0: Called Strike 0-1: Ball 1-1: Swinging Strike 1-2: Ball 2-2: Foul Ball, location: 2F 2-2: Ball 3-2: Fly out, F7 (Flyball, 7LD, EV 89.4 MPH)
|
| Bottom of the 2nd over - 1 run, 2 hits, 0 errors, 2 left on base; Detroit 1 - Niagara Falls 5 |
| TOP OF THE 3RD |
|
Detroit Red Wings batting - Pitching for Niagara Falls Phantoms : RHP Ulrik Pilegaard
|
|
Batting: RHB Mark Massey
|
0-0: Ball 1-0: Called Strike 1-1: Ball 2-1: Ball 3-1: Base on Balls
|
|
Batting: RHB Alejandro Tovar
|
0-0: Ball 1-0: Swinging Strike 1-1: Swinging Strike 1-2: Ball 2-2: Ball 3-2: Strikes out swinging
|
|
Batting: LHB Duda Pinho
|
0-0: Ball 1-0: Ball 2-0: Grounds out, U3 (Groundball, 3L, EV 87.5 MPH)
|
|
Batting: RHB Felipe Torres
|
0-0: Ball 1-0: Ball 2-0: Foul Ball, location: 2F 2-1: Ball 3-1: Foul Ball, location: 2F 3-2: Foul Ball, location: 2F 3-2: Strikes out swinging
|
| Top of the 3rd over - 0 runs, 0 hits, 0 errors, 1 left on base; Detroit 1 - Niagara Falls 5 |
| BOTTOM OF THE 3RD |
|
Niagara Falls Phantoms batting - Pitching for Detroit Red Wings : RHP Leon Benitez
|
|
Batting: SHB Bruce Shelton
|
0-0: SOLO HOME RUN (Flyball, 7D, EV 98.1 MPH), Distance : 365 ft
|
|
Batting: LHB Tim Ellenberger
|
0-0: Ball 1-0: Swinging Strike 1-1: Fly out, F9 (Flyball, 9D, EV 95.6 MPH)
|
|
Batting: RHB Danny Carrick
|
0-0: Fly out, F8 (Line Drive, 8LD, EV 90.0 MPH)
|
|
Batting: RHB Randy Joyce
|
0-0: Ball 1-0: Ball 2-0: Foul Ball, location: 2F 2-1: Ball 3-1: Swinging Strike 3-2: Fly out, F5 (Flyball, 56D, EV 90.0 MPH)
|
| Bottom of the 3rd over - 1 run, 1 hit, 0 errors, 0 left on base; Detroit 1 - Niagara Falls 6 |
| TOP OF THE 4TH |
|
Detroit Red Wings batting - Pitching for Niagara Falls Phantoms : RHP Ulrik Pilegaard
|
|
Batting: RHB António Scarlett
|
0-0: Ball 1-0: Ground out 6-3 (Groundball, 6, EV 80.0 MPH)
|
|
Batting: SHB Bill Casal
|
0-0: Called Strike 0-1: Called Strike 0-2: Ball 1-2: Ball 2-2: Fly out, F5 (Popup, 56, EV 63.1 MPH)
|
|
Batting: RHB Carlos Avila
|
0-0: Called Strike 0-1: Ball 1-1: Ball 2-1: Foul Ball, location: 2F 2-2: Ball 3-2: Fly out, F3 (Popup, 3, EV 73.8 MPH)
|
| Top of the 4th over - 0 runs, 0 hits, 0 errors, 0 left on base; Detroit 1 - Niagara Falls 6 |
| BOTTOM OF THE 4TH |
|
Niagara Falls Phantoms batting - Pitching for Detroit Red Wings : RHP Leon Benitez
|
|
Batting: RHB Ben Underwood
|
0-0: Ball 1-0: Ball 2-0: SOLO HOME RUN (Line Drive, 8LXD, EV 116.2 MPH), Distance : 446 ft
|
|
Batting: RHB Alfredo Mendez
|
0-0: Foul Ball, location: 2F 0-1: Ball 1-1: SOLO HOME RUN (Flyball, 7D, EV 98.1 MPH), Distance : 366 ft
|
|
Batting: LHB Pete Cook
|
0-0: Ball 1-0: Ball 2-0: Foul Ball, location: 2F 2-1: Swinging Strike 2-2: Ball 3-2: Strikes out looking
|
|
Batting: RHB Peter Frankel
|
0-0: Fly out, F8 (Flyball, 8LS, EV 88.1 MPH)
|
|
Batting: RHB Chris Horton
|
0-0: Ball 1-0: Foul Ball, location: 2F 1-1: Ball 2-1: Foul Ball, location: 2F 2-2: Ball 3-2: Ground out 5-3 (Groundball, 56, EV 85.6 MPH)
|
| Bottom of the 4th over - 2 runs, 2 hits, 0 errors, 0 left on base; Detroit 1 - Niagara Falls 8 |
| TOP OF THE 5TH |
|
Detroit Red Wings batting - Pitching for Niagara Falls Phantoms : RHP Ulrik Pilegaard
|
|
Batting: LHB Manny Rangel
|
0-0: Foul Ball, location: 2F 0-1: Swinging Strike 0-2: Ball 1-2: Foul Ball, location: 2F 1-2: Strikes out looking
|
|
Batting: RHB Jason LeBlanc
|
0-0: SINGLE (Line Drive, 56D, EV 98.1 MPH)
|
|
Batting: RHB Mark Massey
|
0-0: Ball 1-0: Called Strike 1-1: Called Strike 1-2: Ball 2-2: Strikes out swinging
|
|
Batting: RHB Alejandro Tovar
|
0-0: Called Strike 0-1: Called Strike 0-2: Ball 1-2: Ball 2-2: Reached via error on a dropped throw from 3B, E3 (Groundball, 56S, EV 68.8 MPH) Jason LeBlanc to second
|
|
Batting: LHB Duda Pinho
|
0-0: Called Strike 0-1: Foul Ball, location: 2F 0-2: Strikes out swinging
|
| Top of the 5th over - 0 runs, 1 hit, 1 error, 2 left on base; Detroit 1 - Niagara Falls 8 |
| BOTTOM OF THE 5TH |
|
Niagara Falls Phantoms batting - Pitching for Detroit Red Wings : RHP Leon Benitez
|
|
Batting: SHB Bruce Shelton
|
0-0: Swinging Strike 0-1: Swinging Strike 0-2: Strikes out swinging
|
|
Pitching: RHP Ross Stagg
|
|
|
Batting: LHB Tim Ellenberger
|
0-0: Ball 1-0: Called Strike 1-1: Ball 2-1: Foul Ball, location: 2F 2-2: Ball 3-2: Strikes out swinging
|
|
Batting: RHB Danny Carrick
|
0-0: Ball 1-0: Foul Ball, location: 2F 1-1: DOUBLE (Line Drive, 7LM, EV 102.5 MPH)
|
|
Batting: RHB Randy Joyce
|
0-0: Ball 1-0: Ball 2-0: Foul Ball, location: 2F 2-1: Foul Ball, location: 2F 2-2: Fly out, F8 (Flyball, 8LXD, EV 85.0 MPH)
|
| Bottom of the 5th over - 0 runs, 1 hit, 0 errors, 1 left on base; Detroit 1 - Niagara Falls 8 |
| TOP OF THE 6TH |
|
Detroit Red Wings batting - Pitching for Niagara Falls Phantoms : RHP Ulrik Pilegaard
|
|
Batting: RHB Felipe Torres
|
0-0: Fly out, F8 (Flyball, 8LD, EV 101.2 MPH)
|
|
Batting: RHB António Scarlett
|
0-0: Ball 1-0: Ball 2-0: Fly out, F7 (Line Drive, 7, EV 109.4 MPH)
|
|
Batting: SHB Bill Casal
|
0-0: Foul Ball, location: 2F 0-1: Swinging Strike 0-2: Ball 1-2: Foul Ball, location: 2F 1-2: Ball 2-2: Foul Ball, location: 2F 2-2: Foul Ball, location: 2F 2-2: Ball 3-2: SOLO HOME RUN (Flyball, 78XD, EV 102.5 MPH), Distance : 396 ft
|
|
Batting: RHB Carlos Avila
|
0-0: Ball 1-0: SINGLE (Groundball, 34D, EV 103.1 MPH)
|
|
Batting: LHB Manny Rangel
|
0-0: Fly out, F8 (Flyball, 8LM, EV 91.9 MPH)
|
| Top of the 6th over - 1 run, 2 hits, 0 errors, 1 left on base; Detroit 2 - Niagara Falls 8 |
| BOTTOM OF THE 6TH |
|
Niagara Falls Phantoms batting - Pitching for Detroit Red Wings : RHP Ross Stagg
|
|
Batting: RHB Ben Underwood
|
0-0: Hit by Pitch
|
|
Batting: RHB Alfredo Mendez
|
0-0: SINGLE (Groundball, 15S, EV 76.9 MPH) (infield hit) Ben Underwood to second
|
|
Batting: LHB Pete Cook
|
0-0: Foul Ball, location: 2F 0-1: Swinging Strike 0-2: Ball 1-2: Foul Ball, location: 2F 1-2: Ball 2-2: Foul Ball, location: 2F 2-2: Ball 3-2: Strikes out swinging
|
|
Batting: RHB Peter Frankel
|
0-0: Called Strike 0-1: Ball 1-1: Ball 2-1: Swinging Strike 2-2: Fielders Choice at 2nd, 6-4 (Groundball, 6, EV 80.0 MPH) Ben Underwood to third
|
|
Batting: RHB Chris Horton
|
0-0: Ball 1-0: Ball 2-0: SINGLE (Groundball, 34, EV 90.6 MPH) (infield hit) Ben Underwood scores Peter Frankel to second
|
|
Batting: SHB Bruce Shelton
|
0-0: Ball 1-0: Ball 2-0: Called Strike 2-1: Swinging Strike 2-2: Foul Ball, location: 2F 2-2: Strikes out looking
|
| Bottom of the 6th over - 1 run, 2 hits, 0 errors, 2 left on base; Detroit 2 - Niagara Falls 9 |
| TOP OF THE 7TH |
|
Detroit Red Wings batting - Pitching for Niagara Falls Phantoms : RHP Ulrik Pilegaard
|
|
Batting: RHB Jason LeBlanc
|
0-0: Swinging Strike 0-1: Fly out, F8 (Line Drive, 78M, EV 95.6 MPH)
|
|
Batting: RHB Mark Massey
|
0-0: Called Strike 0-1: Foul Ball, location: 2F 0-2: Strikes out swinging
|
|
Batting: RHB Alejandro Tovar
|
0-0: Foul Ball, location: 2F 0-1: Foul Ball, location: 2F 0-2: Ball 1-2: Strikes out swinging
|
| Top of the 7th over - 0 runs, 0 hits, 0 errors, 0 left on base; Detroit 2 - Niagara Falls 9 |
| BOTTOM OF THE 7TH |
|
Niagara Falls Phantoms batting - Pitching for Detroit Red Wings : RHP Ross Stagg
|
|
Batting: LHB Tim Ellenberger
|
0-0: Ball 1-0: Called Strike 1-1: Foul Ball, location: 2F 1-2: Strikes out looking
|
|
Pinch Hitting: RHB Todd Wolters
|
0-0: Ground out 6-3 (Groundball, 6D, EV 106.9 MPH)
|
|
Batting: RHB Randy Joyce
|
0-0: Ball 1-0: Ground out 4-3 (Groundball, 4, EV 81.2 MPH)
|
| Bottom of the 7th over - 0 runs, 0 hits, 0 errors, 0 left on base; Detroit 2 - Niagara Falls 9 |
| TOP OF THE 8TH |
|
Detroit Red Wings batting - Pitching for Niagara Falls Phantoms : RHP Ulrik Pilegaard
|
|
Now at 3B: Todd Wolters
|
|
|
Batting: LHB Duda Pinho
|
0-0: Ball 1-0: Called Strike 1-1: Ground out 4-3 (Groundball, 4, EV 85.0 MPH)
|
|
Batting: RHB Felipe Torres
|
0-0: Swinging Strike 0-1: Foul Ball, location: 2F 0-2: Foul Ball, location: 2F 0-2: Strikes out looking
|
|
Batting: RHB António Scarlett
|
0-0: Ground out 6-3 (Groundball, 6, EV 82.5 MPH)
|
| Top of the 8th over - 0 runs, 0 hits, 0 errors, 0 left on base; Detroit 2 - Niagara Falls 9 |
| BOTTOM OF THE 8TH |
|
Niagara Falls Phantoms batting - Pitching for Detroit Red Wings : RHP Ross Stagg
|
|
Pitching: LHP Jake Heller
|
|
|
Batting: RHB Ben Underwood
|
0-0: Ball 1-0: Ball 2-0: Foul Ball, location: 2F 2-1: Ball 3-1: Called Strike 3-2: Fly out, F9 (Flyball, 9LM, EV 108.1 MPH)
|
|
Batting: RHB Alfredo Mendez
|
0-0: Called Strike 0-1: Ball 1-1: Foul Ball, location: 2F 1-2: SINGLE (Line Drive, 8LS, EV 102.5 MPH)
|
|
Pinch Hitting: LHB Luis Ponce
|
0-0: Foul Ball, location: 2F 0-1: Fly out, F8 (Flyball, 8LD, EV 101.2 MPH)
|
|
Batting: RHB Peter Frankel
|
0-0: Ball 1-0: Ball Alfredo Mendez steals 2nd base 2-0: Called Strike 2-1: Ball 3-1: Called Strike 3-2: Foul Ball, location: 2F 3-2: Foul Ball, location: 2F 3-2: 2-RUN HOME RUN (Flyball, 78XD, EV 109.4 MPH), Distance : 415 ft
|
|
Batting: RHB Chris Horton
|
0-0: Called Strike 0-1: Foul Ball, location: 2F 0-2: Foul Ball, location: 2F 0-2: Foul Ball, location: 2F 0-2: Ball 1-2: Ball 2-2: Ball 3-2: Fly out, F8 (Flyball, 78D, EV 100.6 MPH)
|
| Bottom of the 8th over - 2 runs, 2 hits, 0 errors, 0 left on base; Detroit 2 - Niagara Falls 11 |
| TOP OF THE 9TH |
|
Detroit Red Wings batting - Pitching for Niagara Falls Phantoms : RHP Ulrik Pilegaard
|
|
Now in RF: Luis Ponce
|
|
|
Batting: SHB Bill Casal
|
0-0: Called Strike 0-1: Called Strike 0-2: Foul Ball, location: 2F 0-2: Ball 1-2: Strikes out swinging
|
|
Pinch Hitting: LHB David Kyle
|
0-0: Swinging Strike 0-1: Foul Ball, location: 2F 0-2: Ground out U3 (Groundball, 3, EV 99.4 MPH)
|
|
Pitching: RHP Ki-tae Lee
|
|
|
Pinch Hitting: LHB Jose Peralez
|
0-0: Ball 1-0: Swinging Strike 1-1: Called Strike 1-2: Foul Ball, location: 2F 1-2: Ball 2-2: Ball 3-2: Base on Balls
|
|
Pinch Hitting: RHB Mike Dyck
|
0-0: Ball 1-0: Fly out, F8 (Line Drive, 8RS, EV 90.0 MPH)
|
| Top of the 9th over - 0 runs, 0 hits, 0 errors, 1 left on base; Detroit 2 - Niagara Falls 11 |
|